 Dungeon Crawl Stone Soup version 0.20.1-1-g8b1a95d (webtiles) character file.

7340 grizmgrazm2 the Covert (level 10, -2/68 HPs)
             Began as a Vampire Enchanter on Oct 7, 2017.
             Was a Follower of Ashenzari.
             Slain by a black bear (4 damage)
             ... on level 11 of the Dungeon.
             The game lasted 00:42:43 (13840 turns).

grizmgrazm2 the Covert (Vampire Enchanter)         Turns: 13840, Time: 00:42:44

Health: -2/68      AC:  0    Str:  7    XL:     10   Next: 91%
Magic:  7/22       EV: 24    Int: 21    God:    Ashenzari [*.....]
Gold:   477        SH:  0    Dex: 20    Spells: 9/25 levels left

rFire    . . .     SeeInvis +   (weapon currently unavailable)
rCold    + + .     Gourm    .   (shield currently unavailable)
rNeg     + + +     Faith    .   (armour currently unavailable)
rPois    ∞         Spirit   .   (helmet currently unavailable)
rElec    .         Reflect  .   (cloak currently unavailable)
rCorr    .         Harm     .   (gloves currently unavailable)
MR       +....                  (boots currently unavailable)
Stlth    ++++++++..             (no amulet)
Regen    0.0/turn               (ring currently unavailable)
MPRegen  0.2/turn               (ring currently unavailable)

@: bat-form, flying, bloodless, non-regenerating, slowed, quick
A: fangs 3, see invisible
a: End Transformation, Curse Item, Scrying, Renounce Religion


You were on level 11 of the Dungeon.
You worshipped Ashenzari.
Ashenzari was aware of your devotion.
You were bloodless.
You were in vampire-bat-form.
You visited 2 branches of the dungeon, and saw 12 of its levels.

You collected 693 gold pieces.
You spent 216 gold pieces at shops.

Inventory:

Hand Weapons
 a - a +4 dagger (melded)
Armour
 b - a +2 robe (melded)
 m - a +0 pair of gloves (melded)
 p - a +0 pair of boots (melded)
 q - a +2 pair of boots
 r - a +2 helmet (melded)
 z - a scarf of resistance (melded)
Jewellery
 f - an uncursed amulet of regeneration
 y - a +5 ring of intelligence (melded)
 B - a cursed ring of wizardry (melded)
Wands
 l - a wand of flame (48/48)
 x - a wand of confusion (36/48)
Scrolls
 k - 3 scrolls of magic mapping
 n - a scroll of fog
 s - 2 scrolls of recharging
 u - a scroll of amnesia
 w - a scroll of immolation {unknown}
 A - a scroll of teleportation
Potions
 d - 28 potions of blood
 e - a potion of brilliance {unknown}
 g - 2 potions of ambrosia
 h - 4 potions of flight
 j - a potion of curing
 t - 2 potions of lignification {unknown}
Books
 c - a book of Maledictions

   Spells                             Type                      Level
   a - Corona                         Hexes                        1
   b - Ensorcelled Hibernation        Hexes/Ice                    2
   c - Confuse                        Hexes                        3
   d - Tukima's Dance                 Hexes                        3
   e - Dazzling Spray                 Conjuration/Hexes            3
 i - a book of Battle

   Spells                             Type                      Level
   a - Infusion                       Charms                       1
   b - Shroud of Golubria             Charms/Translocation         2
   c - Song of Slaying                Charms                       2
   d - Spectral Weapon                Hexes/Charms                 3
   e - Regeneration                   Charms/Necromancy            3
 o - a book of Minor Magic

   Spells                             Type                      Level
   a - Magic Dart                     Conjuration                  1
   b - Blink                          Translocation                2
   c - Call Imp                       Summoning                    2
   d - Slow                           Hexes                        2
   e - Conjure Flame                  Conjuration/Fire             3
   f - Mephitic Cloud                 Conjuration/Poison/Air       3


   Skills:
 + Level 2.5 Fighting
 + Level 5.5 Short Blades
 + Level 4.9 Dodging
 + Level 13.8 Stealth
 + Level 8.1 Spellcasting
 + Level 11.5 Hexes
 + Level 2.6 Charms
 + Level 1.1 Translocations
 + Level 3.1 Ice Magic


You had 9 spell levels left.
You knew the following spells:

 Your Spells              Type           Power        Failure   Level  Hunger
a - Confuse               Hex            ######..     1%          3    None
b - Tukima's Dance        Hex            ######..     1%          3    None
c - Song of Slaying       Chrm           ###.....     4%          2    None
d - Shroud of Golubria    Chrm/Tloc      ###.......   5%          2    None
e - Ensorcelled Hibernat  Hex/Ice        #####.       1%          2    None
f - Slow                  Hex            ######..     1%          2    None
g - Blink                 Tloc           N/A          8%          2    None


Dungeon Overview and Level Annotations

Branches:
Dungeon (11/15)            Temple (1/1) D:7
   Lair: D:8-11         Orc: D:9-12

Altars:
Ashenzari
Cheibriados
Dithmenos
Elyvilon
Fedhas
Hepliaklqana
Kikubaaqudgha
Makhleb
Nemelex Xobeh
Okawaru
Qazlal
Ru
Sif Muna
Trog
Uskayaw
Vehumet
Xom
Yredelemnul
Zin
The Shining One

Shops:
D:6 [   D:10 [

Annotations:
D:11 Maurice, Urug


Innate Abilities, Weirdness & Mutations

You do not heal naturally.
You are immune to poison.
You have razor-sharp teeth.
You have supernaturally acute eyesight. (SInv)
((You can survive without breathing.))


Message History

A black bear comes into view.
The black bear growls angrily.
There is a stone staircase leading up here.
Maurice the Thief comes into view.
Ashenzari warns you: He is wielding a dagger, wearing a cloak of poison resistance and carrying a wand of polymorph (?/24).
Urug the Orcish Ballista comes into view.
Ashenzari warns you: She is wielding a broad axe of freezing, wearing a chain mail of fire resistance and quivering 6 steel javelins.
Found a wand of polymorph (?/24).
Maurice shouts!
The black bear bites you!
* * * LOW HITPOINT WARNING * * *
The black bear barely misses you. The black bear misses you.
Found an uncursed leather armour.
The black bear bites you.
* * * LOW HITPOINT WARNING * * *
The black bear closely misses you. The black bear claws you.
* * * LOW HITPOINT WARNING * * *
Maurice completely misses you. The black bear closely misses you.
The black bear claws you.
You die...

##### #...
#####..#
#.....<#
#.####.#
#.#
#.##+#####
#bh......#
#........#
#..@.....#
#...o../.#
#........#
#........#
#........#
#........#
#.......[#


You could see Urug (wandering), Maurice and a black bear.

Vanquished Creatures
  Josephine (D:10)
  A hydra (D:8)
  A gargoyle (D:10)
  A troll (D:10)
  Prince Ribbit (D:7)
  A hippogriff (D:10)
  2 dream sheep (D:8)
  2 yaks (D:8)
  2 wraiths (D:10)
  A wyvern (D:8)
  Menkaure (D:6)
  A necrophage (D:8)
  An orc warrior (D:10)
  2 black bears
  2 ice beasts
  2 sky beasts
  A phantom (D:8)
  An ogre (D:9)
  3 centaurs
  3 big kobolds (D:8)
  A gnoll sergeant (D:4)
  2 bullfrogs (D:8)
  2 scorpions
  The ghost of digijack the Grasshopper, a weakling DrWr (D:3)
  2 electric eels (D:9)
  10 howler monkeys
  3 centaur zombies
  3 bullfrog zombies
  3 crimson imps
  A jelly (D:6)
  A hound (D:6)
  10 orc wizards
  A bullfrog skeleton (D:5)
  8 orc priests
  An iguana (D:3)
  Jessica (D:2)
  A centaur skeleton (D:5)
  11 worker ants
  A hound skeleton (D:5)
  2 hound zombies (D:7)
  2 howler monkey zombies
  2 worker ant zombies (D:4)
  5 gnolls
  3 howler monkey skeletons
  5 adders
  2 shadow imps (D:5)
  2 oozes
  3 adder zombies
  An adder skeleton (D:8)
  5 worms
  A dart slug (D:3)
  5 leopard geckos
  26 orcs
  A ball python (D:1)
  6 giant cockroaches
  16 goblins
  7 hobgoblins
  9 jackals
  7 kobolds
  8 quokkas
  A ball python zombie (D:4)
  7 bats
  4 frilled lizards
  A jackal skeleton (D:5)
  A quokka skeleton (D:5)
  A quokka zombie (D:4)
  7 rats
233 creatures vanquished.

Vanquished Creatures (collateral kills)
  An orc (D:4)
1 creature vanquished.

Vanquished Creatures (others)
  An orc wizard (D:4)
1 creature vanquished.

Grand Total: 235 creatures vanquished

Notes
Turn   | Place    | Note
-------+----------+-------------------------------------------
     0 | D:1      | grizmgrazm2 the Vampire Enchanter began the quest for the Orb.
     0 | D:1      | Reached XP level 1. HP: 13/13 MP: 3/3
   443 | D:1      | Reached XP level 2. HP: 19/19 MP: 5/5
   615 | D:1      | Learned a level 2 spell: Ensorcelled Hibernation
  1380 | D:1      | Reached XP level 3. HP: 19/24 MP: 1/6
  1629 | D:1      | Learned a level 3 spell: Confuse
  2173 | D:2      | Reached skill level 5 in Stealth
  2266 | D:2      | Found an iron altar of Okawaru.
  2510 | D:2      | Noticed Jessica
  2514 | D:2      | Killed Jessica
  2514 | D:2      | Reached skill level 5 in Hexes
  2514 | D:2      | Reached XP level 4. HP: 30/30 MP: 6/8
  2519 | D:2      | Learned a level 3 spell: Tukima's Dance
  3603 | D:3      | Found a stormy altar of Qazlal.
  3626 | D:3      | Noticed digijack's ghost (weakling DrWr)
  3701 | D:5      | Entered Level 5 of the Dungeon
  3825 | D:5      | Reached XP level 5. HP: 31/35 MP: 0/9
  3904 | D:5      | Noticed Menkaure
  3922 | D:6      | Killed Menkaure
  3922 | D:6      | Reached skill level 6 in Stealth
  3922 | D:6      | Reached XP level 6. HP: 33/41 MP: 6/10
  3937 | D:6      | Learned a level 2 spell: Song of Slaying
  3995 | D:6      | Reached skill level 7 in Stealth
  4505 | D:6      | Found a glowing golden altar of the Shining One.
  4695 | D:7      | Noticed a sky beast
  4986 | D:6      | Found Dunysh's Antique Armour Boutique.
  5070 | D:5      | Noticed an ice beast
  5108 | D:4      | Found a shimmering altar of Xom.
  5464 | D:3      | Learned a level 2 spell: Shroud of Golubria
  5642 | D:3      | Killed digijack's ghost
  5642 | D:3      | Reached skill level 1 in Ice Magic
  6395 | D:4      | Killed an ice beast
  6395 | D:4      | Reached skill level 1 in Fighting
  6395 | D:4      | Reached XP level 7. HP: 48/48 MP: 5/12
  7273 | D:4      | Reached skill level 8 in Stealth
  7683 | D:5      | Reached skill level 1 in Charms
  8104 | D:4      | Reached XP level 8. HP: 45/54 MP: 3/14
  8801 | D:5      | Reached skill level 9 in Stealth
  9187 | D:5      | Reached skill level 5 in Spellcasting
  9625 | D:5      | Learned a level 2 spell: Slow
  9628 | D:5      | Learned a level 2 spell: Blink
 10132 | D:5      | Found a sacrificial altar of Ru.
 10237 | D:6      | Reached skill level 1 in Translocations
 10518 | D:6      | Bought an embroidered scarf for 216 gold pieces
 11202 | D:7      | Reached skill level 10 in Stealth
 11202 | D:7      | Reached XP level 9. HP: 55/59 MP: 11/17
 11232 | D:7      | Noticed Prince Ribbit
 11272 | D:7      | Killed Prince Ribbit
 11468 | D:7      | Found a staircase to the Ecumenical Temple.
 11474 | Temple   | Entered the Ecumenical Temple
 11641 | Temple   | Became a worshipper of Ashenzari the Shackled
 12204 | D:8      | Reached skill level 11 in Stealth
 12410 | D:8      | Reached skill level 10 in Hexes
 12505 | D:8      | Reached skill level 12 in Stealth
 12541 | D:8      | Reached XP level 10. HP: 63/67 MP: 3/20
 12618 | D:8      | Noticed a three-headed hydra
 12636 | D:8      | Killed a three-headed hydra
 12636 | D:8      | Reached skill level 5 in Short Blades
 13110 | D:9      | Noticed an elephant
 13176 | D:10     | Entered Level 10 of the Dungeon
 13249 | D:10     | Noticed a gargoyle
 13262 | D:10     | Killed a gargoyle
 13307 | D:10     | Found a shadowy altar of Dithmenos.
 13568 | D:10     | Found Cuymm's Antique Armour Boutique.
 13598 | D:10     | Reached skill level 13 in Stealth
 13610 | D:10     | Reached * piety under Ashenzari
 13737 | D:10     | Noticed Josephine
 13761 | D:10     | Killed Josephine
 13833 | D:11     | Noticed Maurice
 13834 | D:11     | Noticed Urug
 13839 | D:11     | HP: 2/68 [black bear (5)]
 13840 | D:11     | Slain by a black bear

Skill      XL: |  1  2  3  4  5  6  7  8  9 10 |
---------------+-------------------------------+-----
Stealth        | 5 6 7 8 10 12 13 | 13.8
Hexes          | 5 6 7 9 10 11 | 11.5
Spellcasting   | 3 4 5 7 8 |  8.1
Dodging        | 3 4 |  4.9
Ice Magic      | 1 2 3 |  3.1
Short Blades   | 2 3 4 5 |  5.5
Fighting       | 1 2 |  2.5
Charms         | 1 2 |  2.6
Translocations | 1 |  1.1

Action                   |  1- 3 |  4- 6 |  7- 9 | 10-12 || total
-------------------------+-------+-------+-------+-------++-------
Melee: Dagger            |    99 |   169 |   489 |   115 ||   872
       Bite              |     4 |    15 |    39 |     3 ||    61
       Unarmed           |       |     1 |     1 |       ||     2
 Cast: Corona            |     9 |       |       |       ||     9
       Ensorcelled Hiber |    20 |    14 |    37 |    14 ||    85
       Confuse           |    14 |    45 |    77 |    21 ||   157
       Song of Slaying   |       |     4 |    22 |     4 ||    30
       Shroud of Golubri |       |     3 |    20 |     2 ||    25
       Tukima's Dance    |       |     1 |     2 |     1 ||     4
Invok: Curse Item        |       |       |     1 |       ||     1
 Abil: Bat Form          |       |     4 |     1 |     2 ||     7
       End Transformatio |       |     4 |     1 |     1 ||     6
  Use: Scroll            |     6 |     4 |    12 |     2 ||    24
       Potion            |       |     9 |     9 |     7 ||    25
 Stab: Sleeping          |    14 |    26 |    43 |    17 ||   100
       Confused          |       |    20 |    46 |    14 ||    80
Armor: Robe              |    21 |    28 |    96 |    23 ||   168
Dodge: Dodged            |    58 |    94 |   293 |    47 ||   492
